cohdb
Replays
Latest Replays
All Replays
Popular Replays
Top Player Replays
Match Explorer
How It Works
Community
CoH3 Stats
Reddit
Sign in to upload your games and track your stats! →
Sign in with Steam
Match 42983329
Unlisted
Match 42983329
Overview
Messages
Build Orders
End
Kettenkrad Recon Vehicle
Construct Infanterie Kompanie
Selects Breakthrough Battlegroup
Selects Assault Grenadiers
MG 42 Machine Gun Team
Grenadier Squad
GrW 34 Mortar Team
MG 42 Bunker
Construct Luftwaffe Kompanie
Selects Rapid Production
Jäger Squad
Forward Retreat Point
Support Elements
Medical Bunker
Jäger Squad
Wirbelwind Flakpanzer
Selects Blitzkrieg
Jäger Squad
Construct Panzer Kompanie
Repair Bunker
Jäger Squad
Jäger Squad
Selects Tiger Heavy Tank
AI Takeover
1003604386
🍡 EAT OR DIE 🍵
酸萝卜bq
Klng
concrusher
killall
Ellin
18918848
0
0
Comments
sign in to comment!
No comments posted yet!